 Dungeon Crawl Stone Soup version 0.21-a0-630-g344d351 (webtiles) character file.

409 Amnesiac the Grave Robber (level 6, -1/41 HPs)
             Began as a Mummy Necromancer on Dec 26, 2017.
             Was an Initiate of Sif Muna.
             Slain by a centaur zombie (6 damage)
             ... in an ossuary.
             The game lasted 00:06:40 (3485 turns).

Amnesiac the Grave Robber (Mummy Necromancer)       Turns: 3485, Time: 00:06:41

Health: -1/41      AC: 10    Str: 12    XL:     6   Next: 58%
Magic:  10/15      EV: 12    Int: 16    God:    Sif Muna [......]
Gold:   254        SH:  0    Dex: 12    Spells: 8/17 levels left

rFire    x . .     SeeInvis .   o - +2 halberd (protect)
rCold    + . .     Gourm    .   (shield currently unavailable)
rNeg     + + +     Faith    .   a - +0 robe
rPois    ∞         Spirit   .   l - +0 helmet
rElec    .         Reflect  .   (no cloak)
rCorr    .         Harm     .   (no gloves)
MR       .....                  (no boots)
Stlth    ++........             (no amulet)
HPRegen  0.13/turn              (no ring)
MPRegen  0.14/turn              (no ring)

@: protection aura
A: no food or potions, fire vulnerability, cold resistance 1, negative energy
resistance 3, torment resistance, unbreathing
a: Renounce Religion


You were in an ossuary.
You worshipped Sif Muna.
Sif Muna was noncommittal.
You were not hungry.

You visited 1 branch of the dungeon, and saw 4 of its levels.
You also visited: Ossuary.

You collected 254 gold pieces.

Inventory:

Hand Weapons
 d - a +3 hand axe
 m - a +1 whip of flaming
 o - a +2 halberd of protection (weapon)
Missiles
 c - 28 sling bullets
 g - 186 stones (quivered)
Armour
 a - a +0 robe (worn)
 l - a +0 helmet (worn)
Wands
 n - a wand of paralysis (11)
 q - a wand of acid (8)
 r - a wand of enslavement (4)
Scrolls
 e - 4 scrolls of teleportation {!r, unknown}
 f - 2 scrolls of blinking {!r, unknown}
 h - a scroll of fear {!r, unknown}
 i - 2 scrolls of identify {!r, unknown}
 j - a scroll of remove curse {!r, unknown}
 k - a scroll of magic mapping {!r, unknown}
 p - a scroll of enchant armour {!r, unknown}
Books
 b - a book of Necromancy

   Spells                             Type                      Level
   a - Pain                           Necromancy                   1
   b - Animate Skeleton               Necromancy                   1
   c - Vampiric Draining              Necromancy                   3
   d - Regeneration                   Charms/Necromancy            3
   e - Animate Dead                   Necromancy                   4
   f - Borgnjor's Vile Clutch         Necromancy/Earth             5


   Skills:
 - Level 1.5 Dodging
 - Level 1.5 Stealth
 + Level 6.2 Spellcasting
 * Level 6.3 Necromancy


You had 8 spell levels left.
You knew the following spells:

 Your Spells              Type           Power        Failure   Level  Hunger
a - Pain                  Necr           ####         1%          1    N/A
d - Vampiric Draining     Necr           ####......   3%          3    N/A
e - Borgnjor's Vile Clut  Necr/Erth      ###.......   69%         5    N/A

Dungeon Overview and Level Annotations

Branches:
Dungeon (4/15)
 Temple: D:4-7

Altars:
Dithmenos
Makhleb
Nemelex Xobeh
Sif Muna
Zin


Innate Abilities, Weirdness & Mutations

You do not eat or drink.
Your flesh is vulnerable to fire.
You are immune to poison.
Your flesh is cold resistant. (rC+)
You are immune to negative energy. (rN+++)
You are immune to unholy pain and torment.
You can survive without breathing.


Message History

The centaur zombie hits you but does no damage.
The sentinel's mark upon you fades away.
The centaur zombie hits you but does no damage.
You completely miss the centaur zombie.
The centaur zombie is moderately damaged.
The centaur zombie hits you!
The centaur zombie hits you but does no damage.
You barely miss the centaur zombie.
The centaur zombie is moderately damaged.
The centaur zombie barely misses you. The centaur zombie hits you.
* * * LOW HITPOINT WARNING * * *
The centaur zombie closely misses you. The centaur zombie barely misses you.
The centaur zombie closely misses you.
You slash the centaur zombie!
Your weapon exudes an aura of protection.
The centaur zombie is heavily damaged.
The centaur zombie hits you but does no damage.
The centaur zombie closely misses you. The centaur zombie misses you.
The centaur zombie barely misses you.
You slash the centaur zombie!
The centaur zombie is almost destroyed.
The centaur zombie hits you.
* * * LOW HITPOINT WARNING * * *
The centaur zombie hits you but does no damage. x3
Casting: Pain
Confirm with . or Enter, or press ? or * to list all spells.
The spell is very dangerous to cast!
Continue anyway?
Aiming: Borgnjor's Vile Clutch
Press: ? - help, Dir - move target cursor, f - centaur zombie
Aim: a centaur zombie (almost destroyed) Decaying hands burst forth from the earth!
Zombie hands grab the centaur zombie. x2; Zombie hands grab the orc zombie.
Zombie hands grab the elf zombie.
Zombie hands grab the centaur zombie.
The zombie hands constrict the elf zombie!
The zombie hands constrict the centaur zombie.
You destroy the centaur zombie!
Sif Muna accepts your kill.
The zombie hands constrict the centaur zombie!
The zombie hands constrict the orc zombie.
You destroy the orc zombie!
Sif Muna accepts your kill.
The zombie hands constrict the centaur zombie!
The centaur zombie struggles to escape constriction.
The centaur zombie hits you but does no damage.
The elf zombie struggles to escape constriction.
The centaur zombie escapes!
The centaur zombie misses you.
You slash the centaur zombie!
The centaur zombie is heavily damaged.
The zombie hands constrict the elf zombie!
The zombie hands constrict the centaur zombie!
The centaur zombie completely misses you.
The centaur zombie barely misses you. The centaur zombie closely misses you.
The centaur zombie barely misses you.
You puncture the centaur zombie!
The centaur zombie is almost destroyed.
The zombie hands constrict the elf zombie!
The zombie hands constrict the centaur zombie.
You destroy the centaur zombie!
Sif Muna accepts your kill.
The elf zombie struggles to escape constriction.
The centaur zombie hits you!
* * * LOW HITPOINT WARNING * * *
The adder zombie barely misses you. The centaur zombie hits you.
You die...

#...#Z####.......#...#
#..Z# #.......#...#
#...# #.......#...#
#..Z# #.∩.....#...#
#..Z# M...+####...#
#..Z# #...# #...#
#.Z.# ...# #...#
#Z.Z##############...#
#.ZZZ@...............#
#..ZZ.....∩∩.........#
######################


You could see an adder zombie, a rat zombie, a jackal zombie, a kobold zombie, a
big kobold zombie, an elf zombie, a centaur zombie and a human zombie.

Vanquished Creatures
  An elf skeleton (D:4)
  3 centaur zombies
  Ijyb (D:4)
  A human skeleton (D:4)
  Robin (D:2)
  4 adders
  4 gnolls
  2 oozes
  2 worms (D:2)
  3 dart slugs
  3 giant cockroaches
  16 goblins
  10 hobgoblins
  11 kobolds
  3 quokkas
  A ball python (D:2)
  11 bats
  4 frilled lizards
  5 hobgoblin zombies (Ossuary)
  3 kobold zombies (Ossuary)
  3 orc skeletons (D:4)
  10 orc zombies (Ossuary)
  4 rats
106 creatures vanquished.

Notes
Turn   | Place    | Note
-------+----------+-------------------------------------------
     0 | D:1      | Amnesiac the Mummy Necromancer began the quest for the Orb.
     0 | D:1      | Reached XP level 1. HP: 13/13 MP: 4/4
   348 | D:1      | Reached XP level 2. HP: 16/19 MP: 6/6
   959 | D:2      | Reached XP level 3. HP: 17/24 MP: 8/8
   967 | D:2      | Learned a level 3 spell: Vampiric Draining
   975 | D:2      | Noticed Robin
  1236 | D:2      | Reached XP level 4. HP: 30/30 MP: 10/10
  1309 | D:2      | Reached skill level 5 in Necromancy
  1676 | D:2      | Killed Robin
  1884 | D:2      | Reached XP level 5. HP: 30/35 MP: 12/12
  1945 | D:2      | Reached skill level 5 in Spellcasting
  2358 | D:3      | Found a burning altar of Makhleb.
  2360 | D:3      | Found a shadowy altar of Dithmenos.
  2969 | D:4      | Noticed Ijyb
  3007 | D:4      | Killed Ijyb
  3100 | D:4      | Found a sparkling altar of Nemelex Xobeh.
  3100 | D:4      | Found a deep blue altar of Sif Muna.
  3101 | D:4      | Found a glowing silver altar of Zin.
  3109 | D:4      | Became a worshipper of Sif Muna the Loreminder
  3176 | D:4      | Reached XP level 6. HP: 20/41 MP: 14/14
  3183 | D:4      | Learned a level 5 spell: Borgnjor's Vile Clutch
  3213 | D:4      | Found a sand-covered staircase.
  3381 | Ossuary  | Entered an ossuary
  3485 | Ossuary  | Slain by a centaur zombie

Vault maps used:
D:1:      lightli_iron_boxes
D:2:      uniq_robin
D:3:      grunt_temple_overflow_open, minmay_misc_feat_rows
D:4:      gammafunk_temple_overflow_claw, nicolae_ossuary_entry_catacombs,
          minmay_goblin_kobold_house, uniq_ijyb
Ossuary:  ossuary_tomb_1

Skill      XL: |  1  2  3  4  5  6 |
---------------+-------------------+-----
Spellcasting   | 3 4 5 6 |  6.2
Necromancy     | 5 6 |  6.3
Dodging        | |  1.5
Stealth        | |  1.5

Action                   |  1- 3 |  4- 6 || total
-------------------------+-------+-------++-------
Melee: Hand axe          |    44 |   112 ||   156
       Unarmed           |     4 |       ||     4
       Halberd           |       |    97 ||    97
 Cast: Pain              |     9 |    11 ||    20
       Vampiric Draining |     3 |     8 ||    11
       Borgnjor's Vile C |       |     1 ||     1
 Stab: Sleeping          |     3 |     3 ||     6
       Distracted        |       |     1 ||     1
Armor: Robe              |     6 |    80 ||    86
Dodge: Dodged            |    45 |   150 ||   195

Table legend:
 A = Spawn XP
 B = Non-spawn XP
 C = Spawn XP percentage of total XP
 D = Spawn monster count
 E = Non-spawn monster count
 F = Spawn count percentage of total count
 G = Total turns spent on level
                    A         B        C        D         E        F      G
               +---------+---------+-------+---------+---------+-------+---------
         Total |       0 |     585 |   0.0 |       0 |     106 |   0.0 |  3485
               +---------+---------+-------+---------+---------+-------+---------
           D:1 |       0 |      31 |   0.0 |       0 |      14 |   0.0 |   794
           D:2 |       0 |     174 |   0.0 |       0 |      35 |   0.0 |  1426
           D:3 |       0 |     110 |   0.0 |       0 |      31 |   0.0 |   741
           D:4 |       0 |     158 |   0.0 |       0 |       6 |   0.0 |   420
       Ossuary |       0 |     112 |   0.0 |       0 |      20 |   0.0 |   104
               +---------+---------+-------+---------+---------+-------+---------
